 Dungeon Crawl Stone Soup version 0.25-a0-668-gea548f19b6 (webtiles) character file.

Game seed: 2721907174319175834, levelgen mode: deterministic

505 Kohma the Sneak (level 7, -2/41 HPs)
             Began as a Kobold Hunter on Mar 28, 2020.
             Slain by a gnoll
             ... wielding a +2 halberd of protection
              (12 damage)
             ... on level 4 of the Dungeon.
             The game lasted 00:11:23 (5212 turns).

Kohma the Sneak (Kobold Hunter)                     Turns: 5212, Time: 00:11:24

Health: -2/41      AC:  4    Str:  9    XL:     7   Next: 41%
Magic:  7/7        EV: 15    Int: 14    God:
Gold:   149        SH:  0    Dex: 16    Spells: 6/6 levels left

rFire    . . .     SeeInvis .   b - +0 dagger
rCold    . . .     Gourm    .   (shield restricted)
rNeg     . . .     Faith    .   c - +0 leather armour
rPois    .         Spirit   .   (no helmet)
rElec    .         Reflect  .   x - scarf {cloud immunity}
rCorr    .         Harm     .   u - +0 pair of gloves
MR       .....                  (no boots)
Stlth    +++.......             (no amulet)
HPRegen  0.13/turn              (no ring)
MPRegen  0.10/turn              (no ring)

@: no status effects
A: small, carnivore
a: no special abilities


You were on level 4 of the Dungeon.
You were completely stuffed.

You visited 1 branch of the dungeon, and saw 4 of its levels.

You collected 149 gold pieces.

Inventory:

Hand Weapons
 a - a +1 hand crossbow
 b - a +0 dagger (weapon)
Missiles
 e - 23 poisoned darts (quivered)
 r - 4 throwing nets
Armour
 c - a +0 leather armour (worn)
 u - a +0 pair of gloves (worn)
 x - a scarf of cloud immunity (worn)
Jewellery
 i - an uncursed ring of wizardry
Wands
 s - a wand of flame (11)
 t - a wand of polymorph (8)
Scrolls
 j - 2 scrolls of amnesia {unknown}
 l - 2 scrolls of identify {unknown}
 m - 2 scrolls of fear {unknown}
 o - 2 scrolls of magic mapping {unknown}
 p - 3 scrolls of enchant weapon {unknown}
 q - a scroll of blinking {unknown}
 v - a scroll of teleportation {unknown}
 w - 2 scrolls of remove curse {unknown}
Potions
 g - 3 potions of curing
 h - a potion of flight {unknown}
 k - a potion of heal wounds {unknown}
 n - 2 potions of mutation {unknown}
Comestibles
 f - 9 rations


   Skills:
 - Level 3.0 Fighting
 + Level 5.2 Short Blades
 + Level 6.0 Crossbows
 - Level 3.1 Dodging
 + Level 6.5 Stealth


You had 6 spell levels left.
You didn't know any spells.
Your spell library contained the following spells:

 Spells                   Type           Power        Failure   Level  Hunger
 Corona                   Hex            #......      38%         1    ##.....
 Ensorcelled Hibernation  Hex/Ice        #.....       52%         2    ###....
 Confusing Touch          Hex            #.......     77%         3    ####...
 Dazzling Flash           Conj/Hex       #.....       77%         3    ####...
 Tukima's Dance           Hex            #.......     77%         3    ####...


Dungeon Overview and Level Annotations

Branches:
Dungeon (4/15)
 Temple: D:4-7

Altars:
Fedhas
Qazlal

Annotations:
D:3 exclusion: downstairs


Innate Abilities, Weirdness & Mutations

You are small and have problems with some larger weapons.
You are carnivorous and can eat meat at any time.


Message History

The gnoll hits you but does no damage.
The gnoll looks more healthy.
The gnoll hits you with a +0 club.
You barely miss the jackal.
The jackal bites you but does no damage.
The gnoll completely misses you.
You barely miss the jackal. The jackal barely misses you.
You hit the jackal but do no damage.
The jackal bites you but does no damage.
The gnoll hits you with a +0 club.
* * * LOW HITPOINT WARNING * * *
The jackal barely misses you.
The jackal bites you but does no damage.
The jackal closely misses you.
The jackal bites you but does no damage.
The gnoll hits the plant but does no damage.
The jackal barely misses you.
The gnoll shouts!
The gnoll closely misses you.
The gnoll hits you from afar with a +2 halberd of protection!
You die...

..(.....)...gP.....##...........#
..........g<..).......###########
#########(####g..####.# #(# ##.##
#.# #(# #g# #.# #(### #.# #.###
#.#.###.# #...# #.)..##h## #.#.#
##.......@####.#.#
#......g#......#.#
##......g.######.# #####
##...##<## #.#####.... ##.###.#
#)..(...### #.###.# #..###### #
#.##..# #..# # #.##.## #..# #
#.##.# #..#### #


You could see 4 gnolls and a jackal.

Vanquished Creatures
  A howler monkey (D:4)
  An orc priest (D:4)
  2 gnoll shamans (D:4)
  Natasha (thrice) (D:2)
  3 worker ants (D:4)
  7 adders
  8 gnolls
  A howler monkey skeleton (D:4)
  An adder skeleton (D:4)
  A worm (D:2)
  2 dart slugs
  A leopard gecko (D:1)
  11 orcs
  4 giant cockroaches
  3 goblins
  7 hobgoblins
  8 jackals (D:4)
  A quokka (D:2)
  A ball python skeleton (D:4)
  5 bats
  A frilled lizard (D:4)
  5 kobolds
  5 rats
82 creatures vanquished.

Notes
Turn   | Place    | Note
-------+----------+-------------------------------------------
     0 | D:1      | Kohma the Kobold Hunter began the quest for the Orb.
     0 | D:1      | Reached XP level 1. HP: 12/12 MP: 1/1
   487 | D:1      | Reached XP level 2. HP: 18/18 MP: 2/2
   617 | D:1      | Reached skill level 5 in Crossbows
  1262 | D:2      | Reached XP level 3. HP: 22/22 MP: 3/3
  1643 | D:2      | Noticed Natasha
  1644 | D:2      | Reached skill level 1 in Short Blades
  1678 | D:2      | Reached XP level 4. HP: 19/28 MP: 4/4
  1681 | D:2      | Killed Natasha
  2036 | D:2      | Noticed Natasha
  2038 | D:2      | Killed Natasha
  2038 | D:2      | Reached XP level 5. HP: 2/32 MP: 5/5
  2502 | D:2      | Found a blossoming altar of Fedhas.
  2531 | D:2      | Noticed Natasha
  2536 | D:2      | Killed Natasha
  2864 | D:3      | Found a stormy altar of Qazlal.
  3174 | D:3      | Reached skill level 5 in Stealth
  3317 | D:3      | Found a faded altar of an unknown god.
  3499 | D:4      | Reached XP level 6. HP: 36/37 MP: 6/6
  4596 | D:4      | Reached XP level 7. HP: 38/41 MP: 7/7
  4870 | D:4      | Reached skill level 5 in Short Blades
  5212 | D:4      | Slain by a gnoll

Levels and vault maps discovered:
D:1:      wander_arrival_fairy_ring, layout_loops_cross, bh_walls_and_bars
D:2:      layout_rooms, fedhas_ov_isle_minmay, uniq_natasha
D:3:      layout_rooms, chequers_ecumenical_altar_simple_redux,
          chequers_serial_rivers_micro_a, nicolae_qazlal_general_emergency
D:4:      lemuel_castle_with_subvaults [lemuel_castle_interior_original],
          layout_loops_ring, first_ration

Skill      XL: |  1  2  3  4  5  6  7 |
---------------+----------------------+-----
Crossbows      | 5 6 |  6.0
Stealth        | 2 3 4 5 6 |  6.5
Dodging        | 3 |  3.1
Fighting       | 3 |  3.0
Short Blades   | 1 2 3 4 5 |  5.2

Action                   |  1- 3 |  4- 6 |  7- 9 || total
-------------------------+-------+-------+-------++-------
Melee: Short sword       |    17 |       |       ||    17
       Dagger            |   105 |   134 |    38 ||   277
 Fire: Hand crossbow     |    11 |    58 |    53 ||   122
Throw: Dart              |       |       |     4 ||     4
  Use: Potion            |       |     1 |       ||     1
 Stab: Sleeping          |     3 |     7 |       ||    10
       Distracted        |       |     1 |       ||     1
  Eat: Chunk             |    11 |     9 |     2 ||    22
Armor: Leather armour    |    28 |    28 |    12 ||    68
Dodge: Dodged            |   100 |   128 |    44 ||   272

Table legend:
 A = Non-vault XP
 B = Vault XP
 C = Vault XP percentage of total XP
 D = Non-vault monster count
 E = Vault monster count
 F = Vault count percentage of total count
                 A         B        C        D         E       F
            +---------+---------+-------+---------+---------+-------
      Total |     478 |     244 |  33.8 |      63 |      19 |  23.2
            +---------+---------+-------+---------+---------+-------
        D:1 |      28 |       0 |   0.0 |      16 |       0 |   0.0
        D:2 |     149 |      36 |  19.5 |      21 |       1 |   4.5
        D:3 |      51 |      14 |  21.5 |       9 |       1 |  10.0
        D:4 |     250 |     194 |  43.7 |      17 |      17 |  50.0
            +---------+---------+-------+---------+---------+-------
